 Dungeon Crawl Stone Soup version 0.25-b1-37-g2669288c55 (webtiles) character file.

Game seed: 11200630345946853307

116530 diana the Fighter (level 16, -8/134 HPs)
             Began as a Demonspawn Fighter on June 5, 2020.
             Was the Champion of Okawaru.
             Succumbed to a redback's poison
             ... on level 3 of the Lair of Beasts.
             The game lasted 00:42:39 (25443 turns).

diana the Fighter (Demonspawn Fighter)             Turns: 25443, Time: 00:42:40

Health: -8/134     AC: 20    Str: 21    XL:     16   Next: 21%
Magic:  3/21       EV:  7    Int:  6    God:    Okawaru [******]
Gold:   2420       SH: 18    Dex: 24    Spells: 15/15 levels left

rFire    + + +     SeeInvis .   T - +9 eveningstar (protect)
rCold    + + .     Gourm    .   Z - +4 kite shield of Responsibility {rC+ Int-4 Dex+2}
rNeg     + . .     Faith    .   n - +3 plate armour of the Four Lies {rF++ Dex+3 Stlth+}
rPois    .         Spirit   +   (no helmet)
rElec    .         Reflect  .   D - scarf {rC+ rF+}
rCorr    .         Harm     .   o - +0 pair of gloves
MR       +....                  (boots unavailable)
Stlth    ..........             y - amulet of regeneration
HPRegen  0.72/turn              x - ring of positive energy
MPRegen  0.34/turn              J - ring of protection from fire

@: lethally poisoned (-8 -> -121)
A: talons 3, thin skeletal structure 2, powered by death 1, augmentation 1,
magic shield, magic regeneration
a: Heroism, Finesse, Renounce Religion


You were on level 3 of the Lair of Beasts.
You worshipped Okawaru.
Okawaru was exalted by your worship.
You were very hungry.

You visited 4 branches of the dungeon, and saw 24 of its levels.
You also visited: Ice Cave.

You collected 2594 gold pieces.
You spent 174 gold pieces at shops.

Inventory:

Hand Weapons
 T - a +9 eveningstar of protection (weapon)
Missiles
 F - a throwing net (quivered)
 M - 13 silver javelins
Armour
 n - the +3 plate armour of the Four Lies (worn) {rF++ Dex+3 Stlth+}
   (You found it on level 6 of the Dungeon)

   It affects your dexterity (+3).
   It greatly protects you from fire.
   It makes you more stealthy.
 o - a +0 pair of gloves (worn)
 D - a scarf of resistance (worn)
 E - a +2 kite shield of reflection
 Z - the +4 kite shield of Responsibility (worn) {rC+ Int-4 Dex+2}
   (Okawaru gifted it to you on level 15 of the Dungeon)

   It affects your intelligence (-4).
   It affects your dexterity (+2).
   It protects you from cold.
Jewellery
 x - a ring of positive energy (left hand)
 y - an amulet of regeneration (around neck)
 J - a ring of protection from fire (right hand)
Wands
 c - a wand of iceblast (5)
 d - a wand of disintegration (23)
 h - a wand of polymorph (14)
 A - a wand of digging (10)
 C - a wand of clouds (12)
 P - a wand of paralysis (19)
 R - a wand of flame (24)
 U - a wand of enslavement (11)
Scrolls
 e - 5 scrolls of blinking
 g - 7 scrolls of amnesia
 k - 14 scrolls of teleportation
 p - 2 scrolls of identify
 r - 2 scrolls of enchant weapon
 s - 6 scrolls of fog
 u - 3 scrolls of fear
 w - 5 scrolls of enchant armour
 B - 7 scrolls of remove curse
 G - a scroll of summoning
 L - 3 scrolls of magic mapping
 N - 4 scrolls of immolation
 S - a scroll of torment
Potions
 b - 4 potions of heal wounds
 j - a potion of invisibility
 l - 2 potions of lignification
 m - 8 potions of flight
 q - 9 potions of curing
 t - 2 potions of berserk rage
 v - 3 potions of haste
 z - a potion of cancellation
 H - 2 potions of magic
 I - 3 potions of stabbing
 K - 2 potions of might
 O - a potion of brilliance
 V - 2 potions of resistance
 W - 2 potions of mutation
Comestibles
 f - 34 rations


   Skills:
 + Level 14.5 Fighting
 + Level 13.3 Maces & Flails
 + Level 13.5 Armour
 + Level 13.5 Shields
 - Level 7.0 Invocations


You had 15 spell levels left.
You didn't know any spells.
Your spell library contained the following spells:

 Spells                   Type           Power        Failure   Level  Hunger
 Magic Dart               Conj           #...         100%        1    ##.....
 Sandblast                Erth           #.....       100%        1    ##.....
 Shock                    Conj/Air       #...         100%        1    ##.....
 Blink                    Tloc           N/A          100%        2    ###....
 Call Imp                 Summ           #.......     100%        2    ###....
 Passwall                 Tmut/Erth      #.......     100%        2    ###....
 Slow                     Hex            #.......     100%        2    ###....
 Swiftness                Chrm/Air       #.......     100%        2    ###....
 Confusing Touch          Hex            #.......     100%        3    ####...
 Conjure Flame            Conj/Fire      #.......     100%        3    ####...
 Gell's Gravitas          Tloc           #.........   100%        3    ####...
 Mephitic Cloud           Conj/Pois/Air  #.......     100%        3    ####...
 Static Discharge         Conj/Air       #.......     100%        3    ####...
 Stone Arrow              Conj/Erth      #.....       100%        3    ####...
 Airstrike                Air            #.........   100%        4    #####..
 Petrify                  Tmut/Erth      #.......     100%        4    #####..
 Irradiate                Conj/Tmut      #.........   100%        5    ######.
 Lee's Rapid Deconstruct  Erth           #.........   100%        5    ######.
 Lightning Bolt           Conj/Air       #.........   100%        5    ######.
 Metabolic Englaciation   Hex/Ice        #.........   100%        5    ######.
 Yara's Violent Unravell  Hex/Tmut       #.........   100%        5    ######.
 Hydra Form               Tmut           #.........   100%        6    #######
 Statue Form              Tmut/Erth      #........    100%        6    #######
 Dragon Form              Tmut           #.........   100%        7    #######


Dungeon Overview and Level Annotations

Branches:
Dungeon (15/15)            Temple (0/1) D:7            Lair (6/6) D:9
  Swamp (0/4) Lair:4       Spider (1/4) Lair:3        Slime (0/5) Lair:5
    Orc (2/2) D:10            Elf (0/3) Orc:2        Vaults (0/5) D:13
 Depths (0/5) D:15          IceCv (visited)

Altars:
Elyvilon
Fedhas
Gozag
Hepliaklqana
Nemelex Xobeh
Okawaru
Sif Muna
Wu Jian
Yredelemnul
Beogh
Jiyva

Shops:
Orc:2 [}*

Annotations:
D:2 1 runed translucent door, Crazy Yiuf


Innate Abilities, Weirdness & Mutations

You have claws for feet.
You have a moderately thin skeletal structure. (Dex +4, Stealth+)
You regenerate a little health from kills.
Your magical and physical power is slightly enhanced at high health.
When hurt, damage is shared between your health and your magic reserves.
You regenerate magic rapidly.


Message History

You feel extremely sick. The redback barely misses you.
The tarantella bites you but does no damage.
The redback bites you.
* * * LOW HITPOINT WARNING * * *
You are more poisoned.
The redback poisons you!
The jumping spider leaps!
You block the jumping spider's attack.
The jumping spider bites you but does no damage.
The jumping spider leaps! x2; You block the jumping spider's attack. x2
The redback bites you.
* * * LOW HITPOINT WARNING * * *
The tarantella bites you but does no damage.
You block the emperor scorpion's attack.
The emperor scorpion barely misses you. The emperor scorpion claws you!
* * * LOW HITPOINT WARNING * * *
The redback barely misses you. The jumping spider barely misses you.
You block the jumping spider's attack.
The jumping spider leaps!
You climb upwards.
Welcome back to the Lair of Beasts!
You die...

#.## ##.........##..
#####..#####..PP..........
#P....#...................
##.....................)..
#.........##.....#.......
##...####.####...###......
#.....#.#....#...# #......
##....##sss##..#####..#...
##P(...s@.†...P###..##...
##...#..ss##....##.....PP
#...##...#.##.#......#...
##..#.#..####..P.......#.
#...##...............###
####............#########..
#.#..#....#.##P## ####.....
##..........#######........
##..........##.......##.##.


You could see an emperor scorpion, 2 jumping spiders, a tarantella and 2
redbacks.

Vanquished Creatures
  Jorgrun (D:14)
  Frances (D:12)
  Donald (Orc:2)
  Kirke (D:14)
  An orc warlord (Orc:2)
  A frost giant (IceCv)
  An emperor scorpion (D:15)
  A stone giant (Orc:1)
  Azrael (D:12)
  An ettin (Orc:2)
  A yaktaur captain (D:13)
  Josephine (D:12)
  Snorg (D:11)
  Harold (D:7)
  3 hydras
  3 centaur warriors
  A death knight (D:15)
  2 ogre magi (D:15)
  7 two-headed ogres
  2 tengu warriors (D:14)
  5 death yaks (Lair:5)
  Urug (Orc:2)
  4 orc high priests
  Sonja (D:11)
  3 unseen horrors
  Pikel (D:8)
  A wolf spider zombie (D:12)
  3 orc knights
  A phantasmal warrior (D:15)
  An orb spider (shapeshifter) (D:14)
  19 ugly things (D:15)
  An orc sorcerer (Orc:2)
  3 deep elf magi
  A salamander (D:15)
  4 cyclopes
  6 elephants (Lair:6)
  Maurice (D:10)
  Psyche (D:12)
  Joseph (D:7)
  8 black mambas
  An ice statue (IceCv)
  21 spiny frogs
  2 rime drakes (Lair:6)
  8 komodo dragons
  2 yaktaurs (D:13)
  A demonic crawler (Lair:3)
  2 efreet (D:14)
  2 ice devils (Lair:6)
  A tengu conjurer (D:14)
  14 polar bears
  5 trolls
  4 tyrant leeches (Lair:6)
  A hornet (D:14)
  19 blink frogs
  7 slime creatures
  14 hippogriffs
  A dream sheep (Lair:4)
  A snapping turtle (shapeshifter) (D:15)
  5 spriggans
  6 redbacks
  2 shadows (D:15)
  9 wyverns
  A water elemental (D:14)
  9 wraiths
  4 fire elementals (D:12)
  A vampire (D:14)
  3 hogs (D:14)
  3 basilisks
  56 yaks
  4 hungry ghosts
  13 vampire mosquitoes
  A warg (Orc:2)
  9 water moccasins
  A soldier ant (D:15)
  An acid dragon (D:13)
  3 hell hounds (D:12)
  5 porcupines
  29 orc warriors
  4 ice beasts
  4 black bears
  2 necrophages
  4 sky beasts
  9 phantoms
  3 eyes of draining
  23 wolves
  13 centaurs
  17 ogres
  12 crocodiles
  2 big kobolds
  29 bullfrogs
  A wyvern zombie (D:10)
  3 scorpions (Lair:3)
  3 wights (D:11)
  6 killer bees (D:12)
  A howler monkey (D:8)
  2 electric eels
  3 centaur zombies
  5 crimson imps
  A jelly (D:10)
  29 orc priests
  7 hounds
  10 centaur skeletons
  3 bullfrog skeletons
  3 iguanas
  32 orc wizards
  13 worker ants
  A killer bee zombie (D:7)
  A hound zombie (D:7)
  A howler monkey zombie (D:10)
  3 worker ant zombies
  16 adders
  5 gnolls
  A howler monkey skeleton (D:9)
  6 shadow imps
  An ooze (D:3)
  A worm (D:3)
  2 dart slugs
  5 leopard geckos
  104 orcs
  11 bats
  8 giant cockroaches
  6 goblins
  6 hobgoblins
  26 jackals
  16 kobolds
  5 quokkas
  2 ball pythons
  7 frilled lizards
  A giant cockroach zombie (D:6)
  A quokka zombie (D:8)
  6 rats
  A spectral orc (D:5)
856 creatures vanquished.

Vanquished Creatures (others)
  A bullfrog (D:12)
  A goblin (D:1)
  16 fungi
  32 plants
50 creatures vanquished.

Grand Total: 906 creatures vanquished

Notes
Turn   | Place    | Note
-------+----------+-------------------------------------------
     0 | D:1      | diana the Demonspawn Fighter began the quest for the Orb.
     0 | D:1      | Reached XP level 1. HP: 18/18 MP: 1/1
   219 | D:1      | Gained mutation: When hurt, damage is shared between your
                  | health and your magic reserves. [demonic ancestry]
   219 | D:1      | Reached XP level 2. HP: 21/24 MP: 2/2
   813 | D:1      | Gained mutation: You have a somewhat thin skeletal
                  | structure. (Dex +2, Stealth) [demonic ancestry]
   813 | D:1      | Reached XP level 3. HP: 23/29 MP: 3/3
  1533 | D:2      | Gained mutation: You have sharp toenails. [demonic
                  | ancestry]
  1533 | D:2      | Reached XP level 4. HP: 12/36 MP: 0/4
  2176 | D:2      | Found an ornate altar of the Wu Jian Council.
  2202 | D:2      | Reached XP level 5. HP: 17/42 MP: 2/5
  2207 | D:2      | Reached skill level 4 in Fighting
  2608 | D:2      | Found a hazy altar of Hepliaklqana.
  2699 | D:2      | Found a runed translucent door.
  2700 | D:2      | Noticed Crazy Yiuf
  3256 | D:3      | Noticed an ogre
  3272 | D:3      | Killed an ogre
  3272 | D:3      | Reached XP level 6. HP: 39/48 MP: 4/6
  3678 | D:3      | Found a shimmering blue altar of Sif Muna.
  3935 | D:4      | Found a sparkling altar of Nemelex Xobeh.
  3980 | D:3      | HP: 2/49 [poisoned by an orc wizard]
  4515 | D:4      | Found a blossoming altar of Fedhas.
  4855 | D:4      | Gained mutation: You regenerate magic rapidly. [demonic
                  | ancestry]
  4855 | D:4      | Reached XP level 7. HP: 35/55 MP: 5/7
  5150 | D:4      | Reached skill level 5 in Fighting
  5252 | D:4      | Found an iron altar of Okawaru.
  5270 | D:4      | Became a worshipper of Warmaster Okawaru
  5458 | D:5      | Entered Level 5 of the Dungeon
  5647 | D:5      | Reached skill level 5 in Armour
  5734 | D:5      | Found a white marble altar of Elyvilon.
  5788 | D:5      | Reached * piety under Okawaru
  5788 | D:5      | Reached skill level 5 in Shields
  5788 | D:5      | Gained mutation: You have razor-sharp toenails. [demonic
                  | ancestry]
  5788 | D:5      | Reached XP level 8. HP: 63/63 MP: 8/8
  5817 | D:5      | Found an opulent altar of Gozag.
  5868 | D:5      | Found a basalt altar of Yredelemnul.
  6313 | D:6      | Reached skill level 6 in Fighting
  6397 | D:6      | Got a garnet-encrusted plate armour
  6408 | D:6      | Identified the +3 plate armour of the Four Lies {rF++ Dex+3
                  | Stlth+} (You found it on level 6 of the Dungeon)
  6431 | D:6      | Reached skill level 5 in Maces & Flails
  6608 | D:6      | Found Imnaxab's Serpentskin Sales.
  6894 | D:6      | Reached ** piety under Okawaru
  6984 | D:6      | Reached XP level 9. HP: 62/71 MP: 9/9
  7209 | D:7      | Noticed Harold
  7225 | D:7      | Killed Harold
  7225 | D:7      | Reached *** piety under Okawaru
  7225 | D:7      | Reached skill level 7 in Fighting
  7523 | D:7      | Found a staircase to the Ecumenical Temple.
  7749 | D:7      | Noticed Joseph
  7768 | D:7      | Killed Joseph
  7768 | D:7      | Reached **** piety under Okawaru
  7903 | D:8      | Gained mutation: You have a moderately thin skeletal
                  | structure. (Dex +4, Stealth+) [demonic ancestry]
  7903 | D:8      | Reached XP level 10. HP: 80/80 MP: 10/10
  7996 | D:8      | Reached skill level 8 in Fighting
  8111 | D:8      | Noticed Pikel
  8137 | D:8      | Killed Pikel
  8442 | D:8      | Reached skill level 1 in Invocations
  8959 | D:9      | Found a staircase to the Lair.
  9087 | D:9      | You fall into a shaft and drop 3 floors!
  9176 | D:12     | Reached ***** piety under Okawaru
  9303 | D:12     | Noticed Frances
  9337 | D:12     | Killed Frances
  9337 | D:12     | Received a gift from Okawaru
  9337 | D:12     | Reached skill level 9 in Fighting
  9337 | D:12     | Gained mutation: Your magical and physical power is
                  | slightly enhanced at high health. [demonic ancestry]
  9337 | D:12     | Reached XP level 11. HP: 35/89 MP: 4/14
  9357 | D:12     | Received a gift from Okawaru
  9360 | D:12     | Got a slimy morningstar {god gift}
  9361 | D:12     | Identified the +12 morningstar of Hell's Wrath {pain,
                  | Dex+4} (Okawaru gifted it to you on level 12 of the
                  | Dungeon)
  9377 | D:12     | Noticed Psyche
  9383 | D:12     | Killed Psyche
  9383 | D:12     | Reached skill level 5 in Invocations
  9547 | D:12     | Identified the +11 dagger "Savvizer" {vorpal, rF- Str+4
                  | Dex+2}
  9609 | D:12     | Noticed Josephine
  9618 | D:12     | Killed Josephine
  9830 | D:12     | Received a gift from Okawaru
  9846 | D:12     | Noticed Azrael
  9884 | D:12     | Killed Azrael
 10052 | D:12     | Killed an unseen horror
 10167 | D:11     | Noticed Snorg
 10302 | D:11     | Noticed Sonja
 10309 | D:11     | Killed Sonja
 10309 | D:11     | Reached ****** piety under Okawaru
 10309 | D:11     | Reached skill level 10 in Fighting
 10309 | D:11     | Gained mutation: You have claws for feet. [demonic
                  | ancestry]
 10309 | D:11     | Reached XP level 12. HP: 85/97 MP: 17/17
 10338 | D:11     | Found a sparkling altar of Nemelex Xobeh.
 10546 | D:11     | Killed Snorg
 10847 | D:10     | Entered Level 10 of the Dungeon
 11189 | D:10     | Received a gift from Okawaru
 11278 | D:10     | Found a staircase to the Orcish Mines.
 11437 | D:10     | Found a roughly hewn altar of Beogh.
 12237 | Lair:1   | Entered Level 1 of the Lair of Beasts
 12782 | Lair:1   | Reached skill level 10 in Armour
 12833 | Lair:1   | Reached skill level 10 in Shields
 13295 | Lair:2   | Reached skill level 11 in Fighting
 14228 | Lair:3   | Reached skill level 10 in Maces & Flails
 14251 | Lair:3   | Received a gift from Okawaru
 14410 | Lair:3   | Reached XP level 13. HP: 106/106 MP: 18/18
 14423 | Lair:3   | Received a gift from Okawaru
 14562 | Lair:3   | Found a hole to the Spider Nest.
 15080 | Lair:4   | Found a staircase to the Swamp.
 15884 | Lair:5   | Found a viscous altar of Jiyva.
 15884 | Lair:5   | Found a staircase to the Slime Pits.
 16448 | Lair:6   | Entered Level 6 of the Lair of Beasts
 16454 | Lair:6   | Received a gift from Okawaru
 16559 | Lair:6   | Reached skill level 12 in Fighting
 16576 | Lair:6   | Found a frozen archway.
 16590 | IceCv    | Entered an ice cave
 16842 | IceCv    | Received a gift from Okawaru
 17160 | IceCv    | Noticed a frost giant
 17174 | IceCv    | Killed a frost giant
 17174 | IceCv    | Gained mutation: You regenerate a little health from kills.
                  | [demonic ancestry]
 17174 | IceCv    | Reached XP level 14. HP: 100/115 MP: 9/19
 17254 | IceCv    | Got a dazzling great mace
 17716 | Lair:6   | Received a gift from Okawaru
 18801 | Lair:6   | Received a gift from Okawaru
 18872 | Lair:6   | Reached skill level 13 in Fighting
 19807 | Orc:1    | Entered Level 1 of the Orcish Mines
 19807 | Orc:1    | Noticed Maurice
 19837 | D:10     | Killed Maurice
 19842 | Orc:1    | Noticed a stone giant
 19860 | Orc:1    | Killed a stone giant
 20189 | Orc:2    | Entered Level 2 of the Orcish Mines
 20196 | Orc:2    | Found a roughly hewn altar of Beogh.
 20210 | Orc:2    | Noticed Donald
 20238 | Orc:2    | Killed Donald
 20413 | Orc:2    | Noticed Urug
 20427 | Orc:2    | Killed Urug
 20535 | Orc:2    | Found a staircase to the Elven Halls.
 20758 | Orc:2    | Found a roughly hewn altar of Beogh.
 20800 | Orc:2    | Found a roughly hewn altar of Beogh.
 20800 | Orc:2    | Found Oclaopi's Gadget Shoppe.
 20820 | Orc:2    | Reached XP level 15. HP: 124/124 MP: 17/20
 20946 | Orc:2    | Found a roughly hewn altar of Beogh.
 20947 | Orc:2    | Found Exar's Assorted Antiques.
 20976 | Orc:2    | Bought 2 potions of curing for 174 gold pieces
 21001 | Orc:2    | Found a roughly hewn altar of Beogh.
 21122 | Orc:2    | Noticed an orc warlord
 21515 | Orc:2    | Killed an orc warlord
 21515 | Orc:2    | Received a gift from Okawaru
 21528 | Orc:2    | Found Onanau's Antique Armour Shop.
 21529 | Orc:2    | Found a roughly hewn altar of Beogh.
 21644 | Orc:2    | Found Ywkieg's Antique Weapon Boutique.
 22766 | D:13     | Found a gate to the Vaults.
 23069 | D:14     | Noticed Kirke
 23163 | D:14     | Received a gift from Okawaru
 23199 | D:14     | Killed Kirke
 23228 | D:14     | Received a gift from Okawaru
 23345 | D:14     | Found a hazy altar of Hepliaklqana.
 23531 | D:14     | Reached skill level 14 in Fighting
 23581 | D:14     | Noticed Jorgrun
 23599 | D:14     | Killed Jorgrun
 24031 | D:15     | Entered Level 15 of the Dungeon
 24416 | D:15     | Reached XP level 16. HP: 129/134 MP: 19/21
 24481 | D:15     | Received a gift from Okawaru
 24517 | D:15     | Got a polished kite shield {god gift}
 24518 | D:15     | Identified the +4 kite shield of Responsibility {rC+ Int-4
                  | Dex+2} (Okawaru gifted it to you on level 15 of the
                  | Dungeon)
 24982 | D:15     | Found a staircase to the Depths.
 25308 | Spider:1 | Entered Level 1 of the Spider Nest
 25442 | Spider:1 | HP: 6/134 [emperor scorpion (6)]
 25443 | Lair:3   | Succumbed to a redback's poison

Illustrated notes

Levels and vault maps discovered:
D:1:      minmay_arrival_plants_in_alcoves, layout_basic
D:2:      minmay_spotlight, layout_loops_ring, lemuel_crystal_altar,
          lemuel_doored_altar, uniq_crazy_yiuf_cottage
D:3:      layout_loops_ring, led_sif_pool, hangedman_decor_growths
D:4:      layout_loops_ring, fedhas_altar_1, nemelex_xobeh_ov_fountains_minmay,
          okawaru_altar_gauntlet_db, first_ration
D:5:      layout_cave_pools, yredelemnul_forgotten_temple_becter,
          elyvilon_altar_5, old_standard_altar
D:6:      layout_gridville, guppyfry_shop_venom
D:7:      layout_layer_cave, minmay_temple_entry_junction, uniq_joseph,
          uniq_harold
D:8:      layout_basic, grunt_ogre_cave, uniq_pikel
D:9:      layout_basic, dpeg_oklobed_lair, serial_corexii_hall,
          corexii_hall_statues_deadend, corexii_hall_statues_i,
          chequers_hall_statues_wall_a, corexii_hall_statues_t,
          corexii_hall_statues_l, corexii_hall_statues_i
D:10:     layout_loops_ring, minmay_orc_entry_temple_small,
          roderic_st_hans_cross
D:11:     layout_long_grid, basic_altar, minmay_lindwurm_lava, uniq_snorg,
          uniq_sonja
D:12:     layout_rooms, uniq_frances, uniq_josephine, uniq_azrael, uniq_psyche
D:13:     layout_small_grid, david_vaults_2
D:14:     layout_roguey, serial_bayou_ford_a, basic_altar, uniq_jorgrun,
          uniq_kirke
D:15:     hangedman_depths_entry_try_elsewhere_first, layout_loops_ring,
          nrook_mini_backslash
Lair:1:   layout_roguey, minivault_24, grunt_megastairs_2
Lair:2:   layout_cave_pods
Lair:3:   layout_misc_corridors, nicolae_spider_entry_non_spiders,
          grunt_forest_stairs_clearing, grunt_megastairs_1
Lair:4:   wad_woods_settlement, layout_regular_city, swamp_mist,
          grunt_forest_large_clearing_hut
Lair:5:   layout_concentric_octagons, dpeg_slime_entry_enclosed_altar,
          infiniplex_staircase_pool
Lair:6:   minmay_lair_end_frog_pond, layout_regular_city,
          portal_ice_cave_demonic_guard
Spider:1: layout_spider_delve, worms_lemuel
Orc:1:    layout_diamond_mine, uniq_maurice
Orc:2:    grunt_orc_community_town_hall, layout_caves,
          grunt_orc_community_big_house_1, grunt_orc_community_big_house_1,
          grunt_orc_community_house_1, grunt_orc_community_house_1,
          grunt_orc_community_house_2, grunt_orc_community_house_3,
          grunt_orc_community_house_2, basic_altar, nicolae_orc_lava_room,
          uniq_urug, uniq_donald

Skill      XL: |  1  2  3  4  5  6  7  8  9 10 11 12 13 14 15 |
---------------+----------------------------------------------+-----
Armour         | 3 4 5 6 7 8 9 10 11 12 13 | 13.5
Shields        | 3 4 5 6 7 8 9 10 11 12 13 | 13.5
Maces & Flails | 2 3 4 5 6 7 8 10 11 12 13 | 13.3
Fighting       | 4 5 6 7 9 10 11 12 13 14 | 14.5
Invocations    | 4 7 |  7.0

Action                   |  1- 3 |  4- 6 |  7- 9 | 10-12 | 13-15 | 16-18 || total
-------------------------+-------+-------+-------+-------+-------+-------++-------
Melee: Flail             |   169 |   228 |   387 |   227 |       |       ||  1011
       Kick              |       |    59 |   138 |   276 |   566 |    71 ||  1110
       Morningstar       |       |       |       |   481 |   661 |       ||  1142
       Eveningstar       |       |       |       |       |   552 |   128 ||   680
       Unarmed           |       |       |       |       |    10 |       ||    10
Invok: Heroism           |       |       |       |     4 |     6 |       ||    10
       Finesse           |       |       |       |     2 |     7 |       ||     9
Evoke: Wand              |       |       |       |     2 |       |       ||     2
  Use: Potion            |       |     1 |     3 |       |     2 |     1 ||     7
       Scroll            |       |       |       |    18 |    17 |     2 ||    37
  Eat: Chunk             |     2 |    11 |    11 |    22 |    36 |     2 ||    84
Armor: Scale mail        |    45 |       |       |       |       |       ||    45
       Plate armour      |   134 |   166 |   394 |   423 |   592 |   130 ||  1839
Dodge: Dodged            |    54 |    17 |    68 |   104 |   260 |    55 ||   558
Block: Kite shield       |   124 |   129 |   267 |   465 |   826 |   146 ||  1957
